 Dungeon Crawl Stone Soup version 0.24.0-123-gd5b16e6ec5 (webtiles) character file.

Game seed: 12916087679668490247, levelgen mode: deterministic

72 Briareos the Firebug (level 4, -4/24 HPs)
             Began as a Gargoyle Fire Elementalist on Jan 16, 2020.
             Slain by a worm (9 damage)
             ... on level 2 of the Dungeon.
             The game lasted 00:12:06 (1981 turns).

Briareos the Firebug (Gargoyle Fire Elementalist)   Turns: 1981, Time: 00:12:07

Health: -4/24      AC:  6    Str: 15 (16) XL:     4   Next: 26%
Magic:  4/7        EV: 11    Int: 19 (21) God:
Gold:   106        SH:  0    Dex:  8 (10) Spells: 3/7 levels left

rFire    . . .     SeeInvis .   i - +0 short sword (curse)
rCold    . . .     Gourm    +   (no shield)
rNeg     + . .     Faith    .   j - +0 leather armour (curse)
rPois    ∞         Spirit   .   (no helmet)
rElec    +         Reflect  .   (no cloak)
rCorr    .         Harm     .   (no gloves)
MR       .....                  (no boots)
Stlth    +.........             e - amulet of the gourmand
HPRegen  0.08/turn              g - +4 ring of strength
MPRegen  0.10/turn              (no ring)

@: brilliant
A: negative energy resistance 1, electricity resistance, unbreathing,
petrification resistance, rot immunity, AC +3
a: no special abilities


You were on level 2 of the Dungeon.
You were not hungry.

You visited 1 branch of the dungeon, and saw 2 of its levels.

You collected 106 gold pieces.

Inventory:

Hand Weapons
 b - a +0 dagger
 d - a +0 whip
 f - a +0 dagger
 i - a cursed +0 short sword (weapon)
 m - a +0 short sword
 q - a +0 short sword
 r - a +0 hand axe
 s - a +0 hunting sling
 t - a +0 spear
Missiles
 k - 59 stones (quivered)
Armour
 a - a +0 robe
 j - a cursed +0 leather armour (worn)
Jewellery
 e - an amulet of the gourmand (around neck)
 g - a +4 ring of strength (left hand)
 l - an uncursed ring of protection from cold
Wands
 p - a wand of paralysis (5)
Scrolls
 h - a scroll of identify
Comestibles
 c - 7 rations


   Skills:
 + Level 0.3 Fighting
 + Level 0.4 Short Blades
 + Level 0.3 Throwing
 + Level 1.0 Armour
 + Level 2.0 Dodging
 + Level 2.2 Stealth
 + Level 2.2 Spellcasting
 + Level 1.4 Conjurations
 + Level 3.9 Fire Magic


You had 3 spell levels left.
You knew the following spells:

 Your Spells              Type           Power        Failure   Level  Hunger
a - Flame Tongue          Conj/Fire      ###..        1%          1    #......
b - Conjure Flame         Conj/Fire      ###.....     2%          3    ###....

Your spell library contained the following spells:

 Spells                   Type           Power        Failure   Level  Hunger
 Throw Flame              Conj/Fire      ###...       1%          2    ##.....
 Inner Flame              Hex/Fire       ###.....     3%          3    ###....
 Sticky Flame             Conj/Fire      ###.....     8%          4    #####..
 Fireball                 Conj/Fire      ###.......   19%         5    ######.


Dungeon Overview and Level Annotations

Branches:
Dungeon (2/15)

Altars:


Innate Abilities, Weirdness & Mutations

You are resistant to torment.
Your stone body is resilient. (AC +3)
You are immune to poison.
You resist negative energy. (rN+)
You are resistant to electric shocks. (rElec)
You can survive without breathing.
You are immune to petrification.
You are immune to rotting.


Message History

You completely miss the worm.
The worm is heavily wounded.
The worm bites you.
Casting: Flame Tongue (safe; 9% risk of failure)
Confirm with . or Enter, or press ? or * to list all spells.
Aiming: Flame Tongue (safe; 9% risk of failure)
Press: ? - help, Shift-Dir - straight line, f/p - worm
Aim: a worm (moderately wounded)
The flame tongue hits the worm.
The worm is heavily wounded.
The worm bites you.
* * * LOW HITPOINT WARNING * * *
Sorry, you're not good enough to have a special ability.
It was a potion of degeneration.
There was something very wrong with that liquid.
You feel weakened.
You feel dopey.
You feel clumsy.
It was a potion of brilliance.
You feel clever all of a sudden. The worm bites you!
You die...

#.# #.# #.# ## #.#
####### #.# #.# #.....#
#.##.# #####....< #.#..
#...#..######## ###
##.## #.......@w.$..#
#.###..#
#...#..####..##.#..#.#.#
##.##..# .#.#.#....#
#.##.... ##.#.#....#
#.###########..#.##...##
#.# #.......#.###....
####.####
#.......#........
#.......#
#.......##)#.....
#.##....#
#.........##.#...


You could see a worm.

Vanquished Creatures
  An adder (D:2)
  An ooze (D:2)
  A worm (D:2)
  3 dart slugs (D:1)
  3 leopard geckos
  3 giant cockroaches (D:1)
  3 hobgoblins (D:1)
  12 jackals
  A quokka (D:2)
  A ball python (D:1)
  6 bats
  2 frilled lizards
  2 goblins
  2 kobolds
  3 rats
44 creatures vanquished.

Notes
Turn   | Place    | Note
-------+----------+-------------------------------------------
     0 | D:1      | Briareos the Gargoyle Fire Elementalist began the quest for
                  | the Orb.
     0 | D:1      | Reached XP level 1. HP: 10/10 MP: 3/3
   191 | D:1      | Reached XP level 2. HP: 15/15 MP: 0/5
   415 | D:1      | Reached XP level 3. HP: 13/19 MP: 0/6
   420 | D:1      | Learned a level 3 spell: Conjure Flame
  1232 | D:2      | Reached XP level 4. HP: 15/24 MP: 3/7
  1563 | D:2      | Reached skill level 1 in Armour
  1598 | D:2      | HP: 1/24 [worm (3)]
  1981 | D:2      | Slain by a worm

Levels and vault maps discovered:
D:1:      minmay_arrival_four_houses, layout_rooms
D:2:      layout_loops_cross, first_ration, corner_web_ring

Skill      XL: |  1  2  3  4 |
---------------+-------------+-----
Dodging        | 2 |  2.0
Armour         | 1 |  1.0
Fighting       | |  0.3
Short Blades   | |  0.4
Throwing       | |  0.3
Stealth        | |  2.2
Spellcasting   | |  2.2
Conjurations   | |  1.4
Fire Magic     | |  3.9

Action                   |  1- 3 |  4- 6 || total
-------------------------+-------+-------++-------
Melee: Dagger            |   132 |       ||   132
       Short sword       |    22 |    27 ||    49
Throw: Stone             |    11 |    17 ||    28
 Cast: Flame Tongue      |    37 |    11 ||    48
       Conjure Flame     |       |     3 ||     3
  Use: Scroll            |     1 |     3 ||     4
       Potion            |     1 |     4 ||     5
  Eat: Chunk             |     8 |     3 ||    11
Armor: Robe              |     2 |       ||     2
       Leather armour    |    96 |     6 ||   102
Dodge: Dodged            |   198 |    15 ||   213
